AoeStats
← ALVICEN

Pilgrims

510051045Analyzed
4v4 RM · 1d ago on Sep 29, 2026· 74m 39s· 8 players
Game mode
Random Map
Map size
Large (8 player)
Population
200
Speed
Normal
Resources
Standard
Victory
Conquest
Starting age
Dark Age
Ending age
Imperial Age
RankedLock teamsTeams togetherTeam positionsShared explorationLock speedFull tech treeHidden civsTurbo modeCheats
Victory
Defeat
🇷🇺 Chinese · Russia
730
+13
🇬🇷 Varangians · Greece
722
+13
🇺🇸 Danes · United States
705
+14
🇪🇸 Celts · Spain
702
+14
🇮🇳 Khmer · India
706
-15
🇲🇽 Mongols · Mexico
688
-16
🇻🇳 Celts · Vietnam
673
-14
🇹🇼 Khmer · Taiwan
550
-9
victor
10:17 Loom
12:07 Feudal Age
15:16 Town Watch
16:56 Horse Collar
18:04 Double-Bit Axe
24:14 Castle Age
23:06 Gold Mining
23:16 Stone Mining
29:08 Wheelbarrow
30:05 Bow Saw
31:25 Gold Shaft Mining
31:26 Stone Shaft Mining
35:07 Imperial Age
35:29 Hand Cart
38:10 Heavy Plow
44:25 Crop Rotation
44:14 Forging
43:54 Fletching
44:05 Padded Archer Armor
44:11 Scale Barding Armor
49:00 Ballistics
48:51 Fortified Wall
49:42 Chemistry
50:31 Conscription
50:47 Hoardings
50:12 Double Crossbow
49:33 Elite Ballista Elephant
52:05 Iron Casting
51:25 Bodkin Arrow
51:51 Chain Barding Armor
51:47 Leather Archer Armor
51:38 Husbandry
51:49 Bloodlines
50:59 Light Cavalry
51:31 Elite Ballista Elephant
52:46 Hoardings
52:14 Double Crossbow
54:58 Parthian Tactics
55:36 Blast Furnace
68:58 Hussar
ShrouD
18:33 Feudal Age
17:08 Loom
22:18 Castle Age
23:11 Wheelbarrow
26:39 Double-Bit Axe
26:47 Stone Mining
27:00 Gold Mining
33:12 Imperial Age
34:15 Hand Cart
33:49 Town Watch
34:50 Town Patrol
42:19 Scale Barding Armor
42:14 Padded Archer Armor
42:15 Scale Mail Armor
41:51 Elite Ballista Elephant
47:54 Double Crossbow
59:10 Pikeman
59:41 Arson
duchuy2442
14:05 Feudal Age
19:13 Wheelbarrow
19:08 Fletching
23:10 Castle Age
22:01 Gold Mining
22:02 Double-Bit Axe
27:01 Gold Shaft Mining
26:18 Horse Collar
26:58 Caravan
28:28 Bodkin Arrow
29:55 Heavy Plow
31:10 Town Watch
31:45 Bow Saw
35:50 Stone Mining
43:13 Imperial Age
42:27 Town Patrol
43:49 Heavy Scorpion
49:51 Chemistry
49:18 Ballistics
68:28 Conscription
TWT
7:43 Loom
17:27 Feudal Age
19:05 Wheelbarrow
20:54 Double-Bit Axe
20:55 Horse Collar
23:21 Forging
23:02 Fletching
23:12 Padded Archer Armor
23:13 Scale Mail Armor
23:19 Scale Barding Armor
25:57 Castle Age
25:44 Fishing Lines
26:54 Hand Cart
27:49 Leather Archer Armor
28:10 Iron Casting
27:51 Chain Mail Armor
27:32 Bodkin Arrow
29:40 Gold Mining
29:41 Stone Mining
30:34 Medium Warships
34:54 Demolition Ship
35:29 Gillnets
43:48 Imperial Age
45:01 Bracer
45:31 Plate Mail Armor
45:22 Chain Barding Armor
47:07 Conscription
47:44 Nomads
48:05 Drill
49:07 Chemistry
48:27 Ballistics
49:30 Fortified Wall
49:31 Masonry
50:04 Parthian Tactics
53:15 Elite Mangudai
55:02 Blast Furnace
54:23 Chain Barding Armor
54:27 Husbandry
54:38 Bloodlines
53:49 Light Cavalry
54:57 Thumb Ring
62:12 Bow Saw
64:43 Stone Shaft Mining
64:43 Gold Shaft Mining
69:03 Hussar
ALVICEN
4:11 Loom
12:43 Feudal Age
14:13 Wheelbarrow
13:31 Double-Bit Axe
13:32 Horse Collar
14:06 Town Watch
24:56 Castle Age
23:56 Forging
23:37 Fletching
23:45 Stone Mining
23:47 Gold Mining
24:28 Fishing Lines
26:07 Hand Cart
25:55 Heavy Plow
26:09 Bow Saw
26:28 Caravan
26:32 Gillnets
27:42 Stone Shaft Mining
27:43 Gold Shaft Mining
27:46 Iron Casting
27:13 Pikeman
32:45 Stronghold
34:55 Town Patrol
40:14 Imperial Age
37:55 Scale Mail Armor
37:58 Bodkin Arrow
37:52 Gambesons
39:58 Chain Mail Armor
41:13 Furor Celtica
41:26 Conscription
41:24 Elite Woad Raider
41:38 Capped Ram
45:15 Heavy Scorpion
56:02 Siege Ram
SilverTigre
7:59 Loom
13:25 Feudal Age
13:31 Man-at-Arms
18:43 Forging
21:49 Castle Age
21:53 Fishing Lines
23:57 Medium Warships
24:39 Iron Casting
23:55 Fletching
28:47 Horse Collar
ЯЙЦА УБИЙЦЫ
10:20 Feudal Age
10:57 Double-Bit Axe
10:40 Man-at-Arms
20:52 Castle Age
19:20 Horse Collar
21:55 Bow Saw
22:43 Heavy Plow
25:17 Padded Archer Armor
25:08 Fletching
25:29 Forging
24:41 Crossbowman
28:52 Wheelbarrow
&===()=Yoritomo====-
11:34 Loom
17:30 Feudal Age
19:13 Fishing Lines
19:55 Bloodlines
22:15 Castle Age
20:16 Gold Mining
20:16 Stone Mining
20:18 Double-Bit Axe
21:11 Forging
24:43 Bow Saw
27:53 Imperial Age
27:34 Gillnets
31:21 Wheelbarrow
31:00 Vendel Legacy
32:18 Gothikon
36:22 Fletching
36:38 Scale Barding Armor
37:09 Iron Casting
36:17 Elite Longship
38:52 Onager
40:20 Conscription
41:40 Cavalier
42:20 Husbandry
51:50 Hand Cart
54:56 Elite Jarl
55:50 Light Cavalry
64:28 Hussar
Connection lost

Rejoining the realm…

Still unreachable

The connection could not be restored.

Session expired

The server has moved on; the page needs a fresh start.